 Dungeon Crawl Stone Soup version 0.17.0-57-g0e89251 (console) character file.

1582 Kloppie the Destroyer (level 8, 0/41 HPs)
             Began as a Deep Elf Conjurer on Dec 8, 2015.
             Was an Initiate of Vehumet.
             Slain by Rex's ghost (17 damage)
             ... on level 5 of the Dungeon.
             The game lasted 00:14:36 (7876 turns).

Kloppie the Destroyer (Deep Elf Conjurer)           Turns: 7876, Time: 00:14:36

Health: 0/41       AC:  5    Str:  5    XL:     8   Next: 60%
Magic:  9/19       EV: 13    Int: 23    God:    Vehumet [......]
Gold:   276        SH:  0    Dex: 15    Spells: 5 memorised, 4 levels left

rFire  . . .     SeeInvis .     h - +0 short sword
rCold  . . .     Clarity  .     a - +0 robe
rNeg   . . .     SustAt   .     (no shield)
rPois  .         Gourm    .     k - +2 hat
rElec  .         Spirit   .     n - +0 cloak
rCorr  .         Warding  .     (no gloves)
rMut   .         Stasis   .     (no boots)
MR     .....                    (no amulet)
Stlth  ++........               (no ring)
                                (no ring)

@: not resistant to hostile enchantments, unstealthy
A: no striking features
a: Renounce Religion


You were on level 5 of the Dungeon.
You worshipped Vehumet.
Vehumet was noncommittal.
You were not hungry.

You visited 2 branches of the dungeon, and saw 6 of its levels.
You also visited: Sewer.

You collected 276 gold pieces.

Inventory:

Hand Weapons
 h - a +0 short sword (weapon)
Armour
 a - a +0 robe (worn)
 k - a +2 hat (worn)
 n - a +0 cloak (worn)
Jewellery
 t - an uncursed ring of teleportation
Wands
 C - a wand of fire (9)
Scrolls
 e - 3 scrolls of identify
 f - 2 scrolls of remove curse
 o - 2 scrolls of amnesia {unknown}
 q - a scroll of magic mapping {unknown}
 r - a scroll of random uselessness {unknown}
 u - 2 scrolls of blinking {unknown}
 v - 4 scrolls of fog {unknown}
 w - 4 scrolls of teleportation {unknown}
 y - 3 scrolls of recharging {unknown}
 B - a scroll of enchant weapon {unknown}
 E - a scroll of noise {unknown}
Potions
 d - a potion of brilliance
 g - 9 potions of curing
 i - a potion of cancellation
 j - a potion of cure mutation {unknown}
 l - a potion of resistance {unknown}
 s - 4 potions of might {unknown}
 x - a potion of heal wounds {unknown}
 z - a potion of mutation {unknown}
 D - a potion of flight {unknown}
Books
 b - a book of Conjurations

   Spells                             Type                      Level
   a - Magic Dart                     Conjuration                  1
   b - Searing Ray                    Conjuration                  2
   c - Dazzling Spray                 Conjuration/Hexes            3
   d - Fulminant Prism                Conjuration/Hexes            4
   e - Iskenderun's Mystic Blast      Conjuration                  4
   f - Iskenderun's Battlesphere      Conjuration/Charms           5
 F - a book of Callings

   Spells                             Type                      Level
   a - Summon Small Mammal            Summoning                    1
   b - Call Imp                       Summoning                    2
   c - Call Canine Familiar           Summoning                    3
   d - Summon Guardian Golem          Hexes/Summoning              3
   e - Summon Lightning Spire         Summoning/Air                4
   f - Summon Ice Beast               Ice/Summoning                4
Comestibles
 c - 3 bread rations
 m - 2 beef jerkies
 p - 7 fruits
 A - a chunk of flesh


   Skills:
 - Level 2.4 Dodging
 - Level 2.4 Stealth
 - Level 6.6 Spellcasting
 + Level 9.0 Conjurations
 - Level 5.1 Hexes
 + Level 7.7 Charms


You had 4 spell levels left.
You knew the following spells:

 Your Spells              Type           Power        Failure   Level  Hunger
a - Magic Dart            Conj           ####         1%          1    None
b - Searing Ray           Conj           #####.       1%          2    None
c - Iskenderun's Mystic   Conj           #####...     1%          4    ###....
d - Fulminant Prism       Conj/Hex       #####.....   6%          4    ###....
e - Iskenderun's Battles  Conj/Chrm      #####...     10%         5    #####..


Dungeon Overview and Level Annotations

Branches:
Dungeon (5/15)             Temple (1/1) D:5

Altars:
Ashenzari
Cheibriados
Dithmenos
Fedhas
Kikubaaqudgha
Makhleb
Nemelex Xobeh
Okawaru
Qazlal
Vehumet
Xom

Annotations:
D:5 Rex's ghost, novice MiFi


Message History

Aim: Rex's ghost (lightly damaged)
The searing ray hits Rex's ghost.
Rex's ghost is moderately damaged.
Your battlesphere fires!
The barrage of energy hits Rex's ghost.
Rex's ghost is heavily damaged.
Rex's ghost hits you!!
* * * LOW HITPOINT WARNING * * *
Casting: Searing Ray
Confirm with . or Enter, or press ? or * to list all spells.
Aiming: Searing Ray
Press: ? - help, Shift-Dir - straight line, f/p - Rex's ghost
Aim: Rex's ghost (heavily damaged)
The searing ray hits Rex's ghost.
Rex's ghost is heavily damaged.
Your battlesphere fires!
The barrage of energy hits Rex's ghost.
Rex's ghost is severely damaged.
Rex's ghost hits you!
You die...

###############
#########....<..[.....#
........#......*[.....#
........#.............#
........+.............#
........#......W@.....#
...##..##.............#
...#####......#########
.......#......#
..............#
#.#.#.#.......#
..............#
......#.......#
..............#


You could see Rex's ghost.

Vanquished Creatures
  2 ogres (D:4)
  4 phantoms
  3 giant frogs
  Crazy Yiuf (D:2)
  3 hounds (D:4)
  8 orc wizards
  Jessica (D:3)
  Terence (D:3)
  4 worker ants (D:4)
  A hound zombie (D:5)
  Robin (D:2)
  15 adders
  3 river rats (Sewer)
  2 oozes (Sewer)
  3 worms
  4 giant geckos
  29 orcs
  7 giant cockroaches
  15 goblins
  11 hobgoblins
  2 quokkas
  17 ball pythons
  12 bats
  5 giant newts
  8 jackals
  10 kobolds
  A quokka skeleton (D:4)
  29 rats
202 creatures vanquished.

Notes
Turn   | Place    | Note
--------------------------------------------------------------
     0 | D:1      | Kloppie the Deep Elf Conjurer began the quest for the Orb.
     0 | D:1      | Reached XP level 1. HP: 10/10 MP: 6/6
   437 | D:1      | Reached XP level 2. HP: 13/15 MP: 5/8
   467 | D:1      | Learned a level 2 spell: Searing Ray
   980 | D:1      | Reached skill level 5 in Conjurations
   980 | D:1      | Reached XP level 3. HP: 6/19 MP: 4/10
  1497 | D:2      | Reached XP level 4. HP: 24/24 MP: 7/12
  1536 | D:2      | Learned a level 4 spell: Iskenderun's Mystic Blast
  1541 | D:2      | Learned a level 4 spell: Fulminant Prism
  1724 | D:2      | Reached skill level 5 in Spellcasting
  2136 | D:2      | Noticed Robin
  2143 | D:2      | Killed Robin
  2301 | D:2      | Noticed Crazy Yiuf
  2317 | D:2      | Killed Crazy Yiuf
  2317 | D:2      | Reached XP level 5. HP: 17/28 MP: 6/15
  2593 | D:3      | Noticed Jessica
  2596 | D:3      | Killed Jessica
  2596 | D:3      | Reached skill level 6 in Conjurations
  2877 | D:3      | Reached XP level 6. HP: 22/32 MP: 8/17
  2939 | D:3      | Found an ancient bone altar of Kikubaaqudgha.
  2955 | D:3      | Found a glowing drain.
  3034 | Sewer    | Entered a sewer
  3405 | Sewer    | Learned a level 5 spell: Iskenderun's Battlesphere
  3486 | Sewer    | Reached skill level 1 in Hexes
  3560 | Sewer    | Reached skill level 1 in Charms
  4303 | Sewer    | Reached skill level 7 in Conjurations
  4303 | Sewer    | Reached XP level 7. HP: 30/36 MP: 4/18
  4865 | D:3      | Noticed Terence
  4872 | D:3      | Killed Terence
  5517 | D:4      | Reached skill level 5 in Charms
  5740 | D:4      | Reached XP level 8. HP: 41/41 MP: 14/19
  5815 | D:4      | Found a burning altar of Makhleb.
  5938 | D:4      | Reached skill level 8 in Conjurations
  5938 | D:4      | Reached skill level 5 in Hexes
  6337 | D:4      | Found a shadowy altar of Dithmenos.
  7323 | D:5      | Entered Level 5 of the Dungeon
  7408 | D:5      | Found a staircase to the Ecumenical Temple.
  7429 | Temple   | Entered the Ecumenical Temple
  7555 | Temple   | Became a worshipper of Vehumet
  7812 | D:5      | Reached skill level 9 in Conjurations
  7822 | D:5      | Noticed Rex's ghost (novice MiFi)
  7876 | D:5      | Slain by Rex's ghost

Action                   |  1- 3 |  4- 6 |  7- 9 || total
-------------------------+-------+-------+-------++-------
Melee: Short sword       |       |    13 |    20 ||    33
 Cast: Magic Dart        |    55 |   182 |   180 ||   417
       Searing Ray       |       |     9 |    12 ||    21
       Iskenderun's Myst |       |       |     2 ||     2
       Iskenderun's Batt |       |       |     3 ||     3
  Use: Scroll            |       |       |     4 ||     4
  Eat: Chunk             |     2 |     8 |    12 ||    22
